 Dungeon Sprint DCSS version 0.23.2-30-g0e89c35649 (webtiles) character file.

Game seed: 7081542748418247488

60 HASTUR3 the Ruffian (level 3, -3/27 HPs)
             Began as a Demonspawn Gladiator on June 21, 2019.
             Slain by a water elemental (17 damage)
             ... in the Dungeon (Sprint III: "The Ten Rune Challenge").
             The game lasted 00:02:20 (332 turns).

HASTUR3 the Ruffian (Demonspawn Gladiator)           Turns: 332, Time: 00:02:21

Health: -3/27      AC:  4    Str: 15    XL:     3   Next: 80%
Magic:  3/3        EV: 12    Int: 14    God:
Gold:   23         SH:  0    Dex: 14    Spells: 2/2 levels left

rFire    . . .     SeeInvis +     - Unarmed
rCold    . . .     Gourm    .   (no shield)
rNeg     . . .     Faith    .   a - +0 leather armour
rPois    +         Spirit   .   b - +0 helmet
rElec    .         Reflect  .   (no cloak)
rCorr    .         Harm     .   (no gloves)
MR       .....     Clarity  +   (no boots) Stlth +.........NoTele +
                                (no amulet)
HPRegen  0.00/turn              (no ring)
MPRegen  0.08/turn              (no ring)

@: brilliant, flying, hasted, very quick
A: claws 2, see invisible, clarity, sense surroundings 1, poison resistance,
inhibited regeneration, wild magic 1
a: no special abilities


You were in the Dungeon.
You were not hungry.

You visited 1 branch You collected 23 gold pieces.

Inventory:

Missiles
 c - 3 throwing nets
 l - 17 stones (quivered)
Armour
 a - a +0 leather armour (worn)
 b - a +0 helmet (worn)
Scrolls
 i - a scroll of torment {unknown}
 j - a scroll of blinking
 m - a scroll of enchant weapon {unknown}
 n - 3 scrolls of remove curse {unknown}
 p - a scroll of immolation {unknown}
 q - a scroll of identify {unknown}
Potions
 e - a potion of curing
 f - a potion of heal wounds
 h - 2 potions of magic
 s - 3 potions of mutation
Comestibles
 d - 3 rations


   Skills:
 - Level 2.0 Fighting
 - Level 1.7 Throwing
 - Level 2.6 Dodging
 + Level 7.4 Unarmed Combat


You had 2 spell levels left.
You didn't know any spells.
Your spell library was empty.

Dungeon Overview and Level Annotations

Branches:
Dungeon (1/1)

Altars:


Innate Abilities, Weirdness & Mutations

You have very sharp fingernails.
You have supernaturally acute eyesight. (SInv)
You possess an exceptional clarity of mind.
You passively map a small area around you.
Your system is resistant to poisons. (rPois)
You do not regenerate when monsters are visible.
Your spells are a little harder to cast, but a little more powerful.


Message History

You scratch the water elemental but do no damage.
The water elemental hits you.
The water elemental engulfs you in water!
You slip free of the water engulfing you.
You gasp with relief as air once again reaches your lungs.
You scratch the water elemental.
The water elemental is lightly damaged.
The water elemental closely misses you.
You scratch the water elemental but do no damage.
The water elemental is lightly damaged.
The water elemental barely misses you.
You scratch the water elemental but do no damage.
The water elemental is lightly damaged.
The water elemental closely misses you.
You claw the water elemental!
The water elemental is moderately damaged.
The water elemental hits you!
You feel yourself speed up. The water elemental hits you!
Ouch! That really hurt!
You die...

▓..##...÷...#..#..# *
▓##.##.##...#..#..# #+#+#
##.##.###).##'#..#......
▓#.####.##..###...'.⌠....
▓.###..##..####...#...###
▓#.....##..###....# ⌠.# _
###÷.##...##.....# .# _
##..##....#E.....#+ #
#..###..##@#.....# #..#
#..#####....# _ *__ ,
▓▓▓▓ ▓▓▓▓ * ▓▓▓▓▓▓* * * *
≈ + + , ≈≈ , , * * , * *
*


You could see a water elemental.

Vanquished Creatures
  Jessica (D)
  A human (D)
  A wolf (D)
  3 rats (D)
6 creatures vanquished.

Vanquished Creatures (others)
  2 draconian scorchers (D)
  6 hellions (D)
  A yaktaur (D)
9 creatures vanquished.

Grand Total: 15 creatures vanquished

Notes
Turn   | Place    | Note
-------+----------+-------------------------------------------
     0 | D        | HASTUR3 the Demonspawn Gladiator began the quest for the
                  | Orb.
     0 | D        | Reached XP level 1. HP: 16/16 MP: 1/1
     9 | D        | Reached skill level 3 in Unarmed Combat
    25 | D        | Killed a yaktaur
    85 | D        | Noticed Jessica
   100 | D        | Killed Jessica
   100 | D        | Reached skill level 6 in Unarmed Combat
   100 | D        | Gained mutation: You have sharp fingernails. [demonic
                  | ancestry]
   100 | D        | Reached XP level 2. HP: 16/22 MP: 2/2
   104 | D        | Killed a hellion
   105 | D        | Killed a hellion
   112 | D        | Killed a hellion
   113 | D        | Killed a hellion
   128 | D        | Killed a white draconian scorcher
   140 | D        | Killed a white draconian scorcher
   140 | D        | Killed a hellion
   141 | D        | Killed a hellion
   187 | D        | Gained mutation: You have very sharp fingernails. [demonic
                  | ancestry]
   187 | D        | Reached XP level 3. HP: 22/27 MP: 3/3
   194 | D        | Reached skill level 7 in Unarmed Combat
   233 | D        | Gained mutation: Your spells are a little harder to cast,
                  | but a little more powerful. [potion of mutation]
   233 | D        | Gained mutation: You are partially covered in rugged brown
                  | scales. (AC +1, +3% HP) [potion of mutation]
   233 | D        | Gained mutation: Your flesh is heat resistant. (rF+)
                  | [potion of mutation]
   234 | D        | Lost mutation: Your flesh is heat resistant. (rF+) [potion
                  | of mutation]
   234 | D        | Lost mutation: You are partially covered in rugged brown
                  | scales. (AC +1, +3% HP) [potion of mutation]
   234 | D        | Gained mutation: You are frail. (-10% HP) [potion of
                  | mutation]
   234 | D        | Gained mutation: You passively map a small area around you.
                  | [potion of mutation]
   234 | D        | Gained mutation: You have supernaturally acute eyesight.
                  | (SInv) [potion of mutation]
   234 | D        | Gained mutation: You are agile. (Dex +2) [potion of
                  | mutation]
   235 | D        | Lost mutation: You are frail. (-10% HP) [potion of
                  | mutation]
   235 | D        | Lost mutation: You are agile. (Dex +2) [potion of mutation]
   235 | D        | Gained mutation: You do not regenerate when monsters are
                  | visible. [potion of mutation]
   235 | D        | Gained mutation: Your system is resistant to poisons.
                  | (rPois) [potion of mutation]
   235 | D        | Gained mutation: You possess an exceptional clarity of
                  | mind. [potion of mutation]
   318 | D        | Noticed a water elemental
   332 | D        | Slain by a water elemental

Skill      XL: |  1  2  3 |
---------------+----------+-----
Unarmed Combat | 6 7 |  7.4
Fighting       | |  2.0
Throwing       | |  1.7
Dodging        | |  2.6

Action                   || total
-------------------------++-------
Melee: Unarmed           ||    28
       Punch             ||     1
Throw: Stone             ||     3
  Use: Potion            ||     7
Armor: Leather armour    ||     3
Dodge: Dodged            ||    14
